 Dungeon Crawl Stone Soup version 0.25.1-2-g60ff931df9 (webtiles) character file.

Game seed: 2734296113841180739

50 sankara the Bolt Thrower (level 3, -3/31 HPs)
             Began as a Minotaur Hunter on Sept 10, 2020.
             Slain by Sigmund
             ... wielding a +0 scythe
              (6 damage)
             ... on level 3 of the Dungeon.
             The game lasted 00:04:15 (2323 turns).

sankara the Bolt Thrower (Minotaur Hunter)          Turns: 2323, Time: 00:04:16

Health: -3/31      AC:  4    Str: 16    XL:     3   Next: 55%
Magic:  2/2        EV: 12    Int:  8    God:
Gold:   115        SH:  0    Dex: 11    Spells: 2/2 levels left

rFire    . . .     SeeInvis .   a - +1 hand crossbow
rCold    . . .     Gourm    .   (no shield)
rNeg     . . .     Faith    .   c - +0 leather armour
rPois    .         Spirit   .   (helmet restricted)
rElec    .         Reflect  .   e - +0 cloak
rCorr    .         Harm     .   (no gloves)
MR       .....                  (no boots)
Stlth    +.........             (no amulet)
HPRegen  0.10/turn              (no ring)
MPRegen  0.08/turn              (no ring)

@: no status effects
A: retaliatory headbutt, horns 2
a: no special abilities


You were on level 3 of the Dungeon.
You were not hungry.

You visited 1 branch of the dungeon, and saw 3 of its levels.

You collected 115 gold pieces.

Inventory:

Hand Weapons
 a - a +1 hand crossbow (weapon)
 b - a +0 short sword
 h - a +0 dagger
Missiles
 d - 28 bolts (quivered)
 n - 14 sling bullets
 s - 46 stones
Armour
 c - a +0 leather armour (worn)
 e - a +0 cloak (worn)
 l - a cursed +0 scale mail
Scrolls
 g - 2 scrolls of identify {unknown}
 j - 2 scrolls of remove curse {unknown}
 k - a scroll of amnesia {unknown}
 m - 2 scrolls of teleportation {unknown}
 o - a scroll of enchant weapon {unknown}
 q - 4 scrolls of magic mapping {unknown}
Potions
 i - 2 potions of curing {unknown}
 r - a potion of magic {unknown}
Comestibles
 f - 4 rations


   Skills:
 + Level 3.1 Fighting
 * Level 5.2 Crossbows
 + Level 2.9 Dodging
 - Level 0.7 Stealth


You had 2 spell levels left.
You didn't know any spells.
Your spell library was empty.

Dungeon Overview and Level Annotations

Branches:
Dungeon (3/15)

Altars:

Annotations:
D:3 Sigmund


Innate Abilities, Weirdness & Mutations

You reflexively headbutt those who attack you in melee.
You have a pair of horns on your head.


Message History

Firing (i - inventory. (/) - cycle)
d - 32 bolts (quivered)
Press: ? - help, Shift-Dir - straight line, f/p - orc
Aim: an orc, wielding a +0 flail You shoot a bolt.
You feel less confused. Something hits you!
Firing (i - inventory. (/) - cycle)
d - 31 bolts (quivered)
Press: ? - help, Shift-Dir - straight line, f/p - orc
Aim: an orc, wielding a +0 flail You shoot a bolt.
The bolt closely misses the orc.
Firing (i - inventory. (/) - cycle)
d - 30 bolts (quivered)
Press: ? - help, Shift-Dir - straight line, f/p - orc
Aim: an orc, wielding a +0 flail You shoot a bolt.
The bolt closely misses the orc.
Something hits you!
* * * LOW HITPOINT WARNING * * *
Firing (i - inventory. (/) - cycle)
d - 29 bolts (quivered)
Press: ? - help, Shift-Dir - straight line, f/p - orc
Aim: an orc, wielding a +0 flail You shoot a bolt.
Something hits you.
You die...

#..#.#.#......
#........#.###
#####..#.#.#...###
#.............>...
#.#########.......
#.# #.##.### #.#
#.##.### #(#
#.##.... #@#
#.##.... #.#
#.##.... #{#
#)##....
#o#########.##....
#.#.........##....
#.#.##########.###
#.# .. .. #(# ##
###.#


You could see an orc.

Vanquished Creatures
  2 adders
  A worm (D:2)
  A giant cockroach (D:1)
  6 goblins
  4 hobgoblins
  6 bats
  2 frilled lizards
  6 kobolds
  3 rats
31 creatures vanquished.

Notes
Turn   | Place    | Note
-------+----------+-------------------------------------------
     0 | D:1      | sankara the Minotaur Hunter began the quest for the Orb.
     0 | D:1      | Reached XP level 1. HP: 18/18 MP: 0/0
   385 | D:1      | Reached XP level 2. HP: 24/25 MP: 1/1
  1616 | D:2      | Reached skill level 5 in Crossbows
  1744 | D:2      | Reached XP level 3. HP: 31/31 MP: 2/2
  2297 | D:3      | Noticed Sigmund
  2323 | D:3      | Slain by Sigmund

Illustrated notes

Levels and vault maps discovered:
D:1:      evilmike_arrival_plus, layout_basic
D:2:      layout_basic, first_ration
D:3:      minmay_angry_zag, layout_basic, portal_sewer_entry_f, serial_glass,
          glass_columns_b, glass_columns_b, due_unseen_surprise,
          feat_on_display, minmay_quadrilaterals, uniq_crazy_yiuf_cottage,
          uniq_ijyb, uniq_sigmund, uniq_robin

Skill      XL: |  1  2 |
---------------+-------+-----
Crossbows      | 5 |  5.2
Fighting       | 3 |  3.1
Dodging        | |  2.9
Stealth        | |  0.7

Action                   || total
-------------------------++-------
Melee: Short sword       ||    63
       Headbutt          ||    10
       Hand crossbow     ||     2
 Fire: Hand crossbow     ||    20
  Eat: Chunk             ||     4
Armor: Leather armour    ||    26
Dodge: Dodged            ||    46
